 Dungeon Crawl Stone Soup version 0.29.1-13-g9f3cf754e1 (webtiles) character file.

Game seed: 14865698137600309251

1235 bjubeck the Shield-Bearer (level 8, -2/65 (71) HPs)
             Began as a Minotaur Fighter on Feb 1, 2023.
             Was a Believer of Makhleb.
             Slain by a necrophage (7 damage)
             ... on level 5 of the Dungeon.
             The game lasted 00:15:06 (6573 turns).

bjubeck the Shield-Bearer (Minotaur Fighter)        Turns: 6573, Time: 00:15:09

HP:   -2/65 (71)    AC:  4    Str: 22    XL:     8   Next: 24%
MP:   9/9           EV: 10    Int:  5    God:    Makhleb [**....]
Gold: 234           SH:  5    Dex: 11    Spells: 7/7 levels left

rFire   . . .      SeeInvis .   a - +0 war axe
rCold   . . .      Faith    .   c - +0 buckler
rNeg    . . .      Spirit   .   s - +1 leather armour "Eqas" {rElec Slay+3}
rPois   .          Reflect  .   (helmet restricted)
rElec   +          Harm     .   (no cloak)
rCorr   .          Rampage  .   (no gloves)
Will    .....                   (no boots)
Stlth   +.........              (no amulet)
HPRegen 0.20/turn               (no ring)
MPRegen 0.11/turn               (no ring)

@: drained
A: horns 2, retaliatory headbutt
a: Renounce Religion, Minor Destruction


You were on level 5 of the Dungeon.
You worshipped Makhleb.
Makhleb was pleased with you.
You visited 1 branch of the dungeon, and saw 6 of its levels.

You collected 234 gold pieces.

Inventory:

Hand Weapons
 a - a +0 war axe (weapon)
 q - a +2 rapier of draining
Armour
 b - a +0 scale mail
 c - a +0 buckler (worn)
 s - the +1 leather armour "Eqas" (worn) {rElec Slay+3}
   (You found it on level 4 of the Dungeon)

   Slay:      It affects your accuracy & damage with ranged weapons and melee
   (+3).
   rElec:     It insulates you from electricity.
Jewellery
 k - a ring of protection from cold
Scrolls
 e - 5 scrolls of butterflies {unknown}
 f - 2 scrolls of fear {unknown}
 j - a scroll of enchant weapon {unknown}
 l - 2 scrolls of identify {unknown}
 m - a scroll of immolation {unknown}
 r - a scroll of teleportation {unknown}
 u - a scroll of noise {unknown}
Potions
 d - 3 potions of might
 g - a potion of attraction {unknown}
 h - 2 potions of haste {unknown}
 i - 2 potions of resistance {unknown}
 n - a potion of curing {unknown}
 o - a potion of degeneration {unknown}
 p - a potion of cancellation {unknown}
 t - a potion of brilliance {unknown}
 v - 2 potions of invisibility {unknown}


   Skills:
 + Level 6.5 Fighting
 + Level 5.9 Axes
 + Level 6.5 Armour
 + Level 6.5 Shields
 + Level 3.6 Invocations


You had 7 spell levels left.
You didn't know any spells.
Your spell library contained the following spells:

 Spells                   Type           Power      Damage    Failure   Level
 Confusing Touch          Hex            0%         N/A       93%         3
 Yara's Violent Unravell  Hex/Tmut       0%         3d3       100%        5
 Conjure Ball Lightning   Conj/Air       0%         3x3d6     100%        6
 Enfeeble                 Hex            0%         N/A       100%        7
 Discord                  Hex            0%         N/A       100%        8
 Disjunction              Tloc           0%         N/A       100%        8


Dungeon Overview and Level Annotations

Branches:
Dungeon (6/15)             Temple (0/1) D:5

Altars:
Cheibriados
Dithmenos
Makhleb
Okawaru
Uskayaw

Shops:
D:3 (

Annotations:
D:5 3 runed translucent doors, Taurus's ghost, amateur FeSu


Innate Abilities, Weirdness & Mutations

You have a pair of horns on your head.
You reflexively headbutt those who attack you in melee.


Message History

The white imp closely misses you. You furiously retaliate!
You headbutt the white imp. The wight hits you with a +4 dagger.
You feel drained. The necrophage hits you.
You feel drained. The wight closely misses you.
You climb upwards.
Level annotation: 3 runed translucent doors, Taurus's ghost, amateur FeSu
There is a stone staircase leading down here.
You slash the white imp!
You kill the white imp!
Makhleb accepts your kill.
You feel better.
You hit the wight. You barely miss the wight. You hit the necrophage.
The necrophage closely misses you. The wight hits you with a +0 falchion!
The wight hits you with a +4 dagger.
You feel drained. The wight hits you with a +4 dagger!
You block the necrophage's attack. The wight hits you with a +0 falchion!
* * * LOW HITPOINT WARNING * * *
You feel drained.
* * * LOW HITPOINT WARNING * * *
You slash the wight! You headbutt the wight!
You destroy the wight!
Makhleb accepts your kill.
You hit the necrophage. You barely miss the wight.
You block the necrophage's attack. The wight hits you with a +0 falchion.
* * * LOW HITPOINT WARNING * * *
You hit the wight but do no damage.
The wight is moderately damaged.
You hit the necrophage. The wight misses you. The necrophage hits you.
* * * LOW HITPOINT WARNING * * *
You hit the wight. You headbutt the wight.
The wight is severely damaged.
You hit the necrophage. The necrophage hits you.
* * * LOW HITPOINT WARNING * * *
You feel drained. You block the wight's attack.
You slash the wight!
You destroy the wight!
Makhleb accepts your kill.
You feel better.
You slash the necrophage! The necrophage hits you.
* * * LOW HITPOINT WARNING * * *
The necrophage hits you!
You die...

#.##....................#
...#..................###
...##............#..###
....##.......#...####
....###.....##...#
.....###...###..##
......###.###...#####
......# ### #..)....##
.......# ##(.n@....##
........# #....).....#
######.## #..........# ##
##.........# ###.......#
##......# ########


You could see a necrophage.

Vanquished Creatures
  Eustachio (D:5)
  An ice beast (D:5)
  A centaur (D:6)
  A necrophage (D:5)
  2 scorpions
  2 wights (D:5)
  A howler monkey (D:6)
  A jelly (D:6)
  6 hounds
  2 gnoll boudas
  3 iguanas (D:5)
  12 gnolls
  8 adders
  2 white imps (D:5)
  3 ufetubi
  3 worms
  5 dart slugs
  5 orcs
  7 ball pythons
  5 endoplasms
  3 giant cockroaches
  2 goblins
  4 hobgoblins
  11 jackals
  A kobold (D:2)
  8 bats
  A frilled lizard (D:2)
  11 rats
112 creatures vanquished.

Vanquished Creatures (others)
  A fungus (D:3)
  A plant (D:3)
2 creatures vanquished.

Grand Total: 114 creatures vanquished

Notes
Turn   | Place    | Note
-------+----------+-------------------------------------------
     0 | D:1      | bjubeck the Minotaur Fighter began the quest for the Orb.
     0 | D:1      | Reached XP level 1. HP: 19/19 MP: 0/0
   355 | D:1      | Reached XP level 2. HP: 26/27 MP: 1/1
   843 | D:2      | Reached XP level 3. HP: 27/33 MP: 2/2
  1483 | D:2      | Reached XP level 4. HP: 39/41 MP: 3/3
  1683 | D:2      | Found a burning altar of Makhleb.
  1695 | D:2      | Became a worshipper of Makhleb the Destroyer
  2232 | D:3      | Found a faded altar of an unknown god.
  2349 | D:3      | Noticed a scorpion
  2354 | D:3      | Killed a scorpion
  2355 | D:3      | Reached XP level 5. HP: 45/47 MP: 4/4
  2375 | D:3      | Found a shadowy altar of Dithmenos.
  2378 | D:3      | Found a hide-covered altar of Uskayaw.
  2392 | D:3      | Found an iron altar of Okawaru.
  2395 | D:3      | Found a snail-covered altar of Cheibriados.
  2535 | D:3      | Found Wudi's Antique Weapon Shop.
  3110 | D:4      | Identified the +1 leather armour "Eqas" {rElec Slay+3}
  3124 | D:4      | Reached skill level 1 in Invocations
  3148 | D:4      | Reached * piety under Makhleb
  3401 | D:4      | Reached skill level 5 in Fighting
  3401 | D:4      | Reached skill level 5 in Armour
  3401 | D:4      | Reached skill level 5 in Shields
  3401 | D:4      | Reached XP level 6. HP: 50/56 MP: 4/6
  4076 | D:5      | Entered Level 5 of the Dungeon
  4369 | D:5      | Found a runed translucent gate.
  4370 | D:5      | Found a runed translucent gate.
  4371 | D:5      | Found a runed translucent gate.
  4372 | D:5      | Noticed Taurus's ghost (amateur FeSu)
  4584 | D:5      | Found a staircase to the Ecumenical Temple.
  4904 | D:5      | Reached XP level 7. HP: 60/61 MP: 7/7
  4961 | D:5      | HP: 1/61 [ice beast (7)]
  4966 | D:5      | Reached skill level 5 in Axes
  5637 | D:5      | Noticed Eustachio
  5647 | D:5      | Killed Eustachio
  6113 | D:6      | Reached XP level 8. HP: 47/70 MP: 9/9
  6119 | D:6      | Reached ** piety under Makhleb
  6573 | D:5      | Slain by a necrophage

Illustrated notes

Levels and vault maps discovered:
D:1:      psy_arrival_statuary, layout_rooms, chequers_serial_rivers_marsh,
          grunt_decor_junction, minmay_misc_feat_room,
          chequers_serial_rivers_small_b
D:2:      layout_loops_ring, basic_altar, nicolae_hexahallways
D:3:      layout_basic, grunt_temple_overflow_cloverleaf,
          shapermc_ecumenical_altar_petra, serial_shops,
          nicolae_shop_temple_entry_statues_fountains
D:4:      layout_basic, hangedman_decor_lopped
D:5:      layout_cave_pods, temple_pool_b, gammafunk_ghost_necromancy,
          serial_column_ruins, column_ruins_hut, column_ruins_square_large,
          column_ruins_corridor_straight, column_ruins_columns_corner,
          column_ruins_open_small, column_ruins_open_medium,
          column_ruins_open_medium, uniq_eustachio
D:6:      nicolae_cairo_tiling_large_dashed, layout_rooms

Skill      XL: |  1  2  3  4  5  6  7 |
---------------+----------------------+-----
Fighting       | 4 5 6 |  6.5
Armour         | 4 5 6 |  6.5
Shields        | 4 5 6 |  6.5
Axes           | 3 4 5 |  5.9
Invocations    | 1 2 3 |  3.6

Action                   |  1- 3 |  4- 6 |  7- 9 || total
-------------------------+-------+-------+-------++-------
Melee: War axe           |    64 |   134 |    72 ||   270
       Headbutt          |     6 |    21 |    14 ||    41
  Use: Potion            |       |       |     2 ||     2
Armor: Scale mail        |    27 |    45 |       ||    72
       Leather armour    |       |    16 |    29 ||    45
Dodge: Dodged            |    22 |    71 |    69 ||   162
Block: Buckler           |     8 |    41 |    29 ||    78
